 Dungeon Crawl Stone Soup version 0.19.4-8-ga85b6b9 (webtiles) character file.

2181 JeffiDaFish the Sneak (level 9, -4/52 HPs)
             Began as a Gargoyle Venom Mage on Feb 11, 2017.
             Slain by an orc knight
             ... wielding a +3 battleaxe
              (20 damage)
             ... in a bailey.
             The game lasted 00:26:32 (6596 turns).

JeffiDaFish the Sneak (Gargoyle Venom Mage)         Turns: 6596, Time: 00:26:33

Health: -4/52      AC: 13    Str: 13    XL:     9   Next: 33%
Magic:  2/25       EV: 13    Int: 15    God:
Gold:   206        SH:  0    Dex: 13    Spells: 3 memorised, 9 levels left

rFire  . . .     SeeInvis .     o - +1 war axe (freeze)
rCold  . . .     Gourm    .     e - +0 leather armour
rNeg   + + .     Faith    .     (no shield)
rPois  ∞         Spirit   .     (no helmet)
rElec  +         Reflect  .     k - +1 cloak
rCorr  .         Harm     .     m - +2 pair of gloves
MR     .....                    (no boots)
Stlth  +++.......               (no amulet)
                                d - ring of positive energy
                                a - ring of magical power

@: no status effects
A: negative energy resistance 1, electricity resistance, unbreathing,
petrification resistance, rot immunity, AC +5
a: no special abilities


You were in a bailey.
You were not hungry.

You visited 1 branch of the dungeon, and saw 7 of its levels.
You also visited: Bailey.

You collected 206 gold pieces.

Inventory:

Hand Weapons
 o - a +1 war axe of freezing (weapon)
Armour
 e - a +0 leather armour (worn)
 k - a +1 cloak (worn)
 m - a +2 pair of gloves (worn)
Jewellery
 a - a ring of magical power (left hand)
 d - a ring of positive energy (right hand)
Wands
 t - a wand of confusion (17/48)
Scrolls
 f - 6 scrolls of identify
 g - a scroll of recharging
 h - 4 scrolls of teleportation
 n - a scroll of magic mapping
 p - a scroll of amnesia
 q - 2 scrolls of remove curse
Potions
 i - a potion of curing
 l - a potion of brilliance
 r - a potion of resistance
 u - a potion of might
 v - 2 potions of heal wounds {unknown}
 w - a potion of cure mutation {unknown}
Books
 b - a Young Poisoner's Handbook

   Spells                             Type                      Level
   a - Sting                          Conjuration/Poison           1
   b - Mephitic Cloud                 Conjuration/Poison/Air       3
   c - Olgreb's Toxic Radiance        Poison                       4
   d - Alistair's Intoxication        Transmutation/Poison         5
   e - Venom Bolt                     Conjuration/Poison           5
Comestibles
 c - 5 bread rations
 j - 3 meat rations
 s - 7 chunks of flesh


   Skills:
 + Level 3.7 Fighting
 * Level 3.2 Axes
 + Level 3.4 Dodging
 * Level 6.2 Stealth
 - Level 0.2 Unarmed Combat
 * Level 4.7 Spellcasting
 * Level 5.8 Conjurations
 + Level 2.3 Air Magic
 + Level 5.6 Poison Magic


You had 9 spell levels left.
You knew the following spells:

 Your Spells              Type           Power        Failure   Level  Hunger
a - Sting                 Conj/Pois      ###.         2%          1    None
b - Mephitic Cloud        Conj/Pois/Air  ###.....     12%         3    ###....
c - Olgreb's Toxic Radia  Pois           ###.....     24%         4    ####...


Dungeon Overview and Level Annotations

Branches:
Dungeon (7/15)             Temple (0/1) D:4

Altars:
Ashenzari
Cheibriados
Dithmenos
Elyvilon
Nemelex Xobeh
Okawaru
Qazlal
Ru
Xom

Annotations:
D:3 antares's ghost, amateur MfGl


Innate Abilities, Weirdness & Mutations

You are resistant to torment.
Your stone body is resilient. (AC +5)
You are immune to poison.
You resist negative energy. (rN+)
You are resistant to electric shocks. (rElec)
You can survive without breathing.
You are immune to petrification.
You are immune to rotting.


Message History

Confirm with . or Enter, or press ? or * to list all spells.
Aiming: Mephitic Cloud
Press: ? - help, Shift-Dir - straight line The ball explodes into a vile cloud!
The stinking cloud engulfs you!
The stinking cloud engulfs the orc knight.
The orc knight is almost dead.
The stinking cloud engulfs the gnoll.
The gnoll is lightly wounded.
The gnoll is engulfed in noxious fumes.
The gnoll appears confused.
The orc knight is engulfed in noxious fumes.
The orc knight appears confused.
You are too injured to fight recklessly!
You are too injured to fight recklessly!
Unknown command.
You are too injured to fight recklessly!
You are too injured to fight recklessly!
You barely miss the orc knight.
The orc knight is almost dead.
The orc knight hits you with an enchanted battleaxe!!
You die...

##.....## ##.....#
##'##'##'###)##'##'#
#.###.###.#.###.# #.#
#'# ### #### ### ##
#.###.# #.#g# .# #.#
##'##'##'# #'##'##'#
##()...# #.....#
###).).(#####.....###
#.'.((..'.#o@()⌠..'.#
###.....#####§g...###
#.....## ##..§..#
#'##'##(###'##'##'#
#.# #.###)).## .# ∩#
## ### ##### ## #


You could see an orc knight (confused) and a gnoll (confused).

Vanquished Creatures
  Pikel (D:4)
  Sigmund (D:3)
  A phantom (D:6)
  A sky beast (D:7)
  An ice beast (D:5)
  2 slaves (D:4)
  3 ogres
  2 bullfrogs
  3 electric eels (D:6)
  2 crimson imps
  A centaur skeleton (D:4)
  An orc priest (D:3)
  A bullfrog skeleton (D:4)
  An iguana (D:5)
  4 orc wizards
  4 worker ants
  A mummy (D:6)
  18 gnolls
  A howler monkey skeleton (D:4)
  4 adders
  2 shadow imps (D:5)
  2 oozes (D:1)
  An adder skeleton (D:4)
  7 worms
  3 dart slugs
  7 leopard geckos
  16 orcs
  5 giant cockroaches
  9 goblins
  14 hobgoblins
  25 kobolds
  3 quokkas
  A ball python (D:6)
  6 bats
  12 frilled lizards
  9 rats
175 creatures vanquished.

Vanquished Creatures (others)
  4 orcs (D:7)
4 creatures vanquished.

Grand Total: 179 creatures vanquished

Notes
Turn   | Place    | Note
-------+----------+-------------------------------------------
     0 | D:1      | JeffiDaFish the Gargoyle Venom Mage began the quest for the Orb.
     0 | D:1      | Reached XP level 1. HP: 10/10 MP: 3/3
   515 | D:1      | Reached XP level 2. HP: 15/15 MP: 1/5
   828 | D:1      | Reached XP level 3. HP: 9/19 MP: 6/6
   918 | D:1      | Learned a level 3 spell: Mephitic Cloud
  1084 | D:1      | Reached skill level 1 in Conjurations
  1746 | D:2      | Found a white marble altar of Elyvilon.
  1748 | D:2      | Found a shattered altar of Ashenzari.
  1883 | D:2      | Reached XP level 4. HP: 18/24 MP: 7/7
  1899 | D:2      | Found a stormy altar of Qazlal.
  1920 | D:2      | Found a shimmering altar of Xom.
  1993 | D:2      | Found an iron altar of Okawaru.
  2146 | D:2      | Reached skill level 3 in Stealth
  2304 | D:3      | Reached XP level 5. HP: 28/28 MP: 8/8
  2593 | D:3      | Reached skill level 1 in Fighting
  2845 | D:3      | Noticed antares's ghost (amateur MfGl)
  3089 | D:3      | Noticed Sigmund
  3102 | D:3      | Killed Sigmund
  3102 | D:3      | Reached skill level 1 in Air Magic
  3102 | D:3      | Reached XP level 6. HP: 35/35 MP: 10/10
  3183 | D:4      | Reached skill level 4 in Stealth
  3520 | D:4      | Reached XP level 7. HP: 36/39 MP: 11/11
  3600 | D:4      | Found a staircase to the Ecumenical Temple.
  4069 | D:4      | Noticed Pikel
  4085 | D:4      | Killed Pikel
  4085 | D:4      | Reached skill level 1 in Axes
  4085 | D:4      | Reached skill level 5 in Stealth
  4085 | D:4      | Reached skill level 5 in Poison Magic
  4085 | D:4      | Reached XP level 8. HP: 27/45 MP: 13/13
  4145 | D:5      | Entered Level 5 of the Dungeon
  4154 | D:5      | Learned a level 4 spell: Olgreb's Toxic Radiance
  4800 | D:5      | Found a sacrificial altar of Ru.
  4930 | D:5      | Found a shadowy altar of Dithmenos.
  5033 | D:5      | Reached skill level 5 in Conjurations
  5214 | D:6      | Found a snail-covered altar of Cheibriados.
  5405 | D:6      | Reached XP level 9. HP: 24/51 MP: 14/15
  5729 | D:6      | Reached skill level 6 in Stealth
  6071 | D:6      | Found a sparkling altar of Nemelex Xobeh.
  6306 | D:7      | Found a flagged portal.
  6313 | Bailey   | Entered a bailey
  6399 | Bailey   | Noticed an orc knight
  6596 | Bailey   | Slain by an orc knight

Skill      XL: |  1  2  3  4  5  6  7  8  9 |
---------------+----------------------------+-----
Conjurations   | 1 2 3 4 5 |  5.8
Stealth        | 3 4 5 6 |  6.2
Dodging        | 2 3 |  3.4
Fighting       | 1 2 3 |  3.7
Spellcasting   | 3 4 |  4.7
Air Magic      | 1 2 |  2.3
Axes           | 1 2 3 |  3.2
Poison Magic   | 5 |  5.6
Unarmed Combat | |  0.2

Action                   |  1- 3 |  4- 6 |  7- 9 || total
-------------------------+-------+-------+-------++-------
Melee: Unarmed           |    48 |       |       ||    48
       Short sword       |    51 |   120 |    40 ||   211
       War axe           |       |       |   217 ||   217
 Cast: Sting             |    52 |    36 |    34 ||   122
       Mephitic Cloud    |       |     8 |    26 ||    34
       Olgreb's Toxic Ra |       |       |     3 ||     3
  Use: Scroll            |     4 |     5 |     3 ||    12
       Potion            |     3 |     1 |     8 ||    12
 Stab: Confused          |       |     2 |     8 ||    10
       Sleeping          |       |     1 |     2 ||     3
       Distracted        |       |     1 |     1 ||     2
  Eat: Chunk             |     4 |     7 |     9 ||    20
       Meat ration       |       |       |     1 ||     1
Armor: Robe              |     8 |       |       ||     8
       Leather armour    |    38 |    40 |   103 ||   181
Dodge: Dodged            |    73 |    87 |   161 ||   321
